 Dungeon Crawl Stone Soup version 0.22-a0-292-g0df9d5f48d (webtiles) character file.

1931 Infinimo the Spear-Bearer (level 9, -2/71 HPs)
             Began as a Merfolk Gladiator on Mar 23, 2018.
             Was an Initiate of Makhleb.
             Hit by a tomahawk of returning thrown by an orc warrior (7 damage)
             ... on level 6 of the Dungeon.
             The game lasted 00:11:52 (7625 turns).

Infinimo the Spear-Bearer (Merfolk Gladiator)       Turns: 7625, Time: 00:11:52

Health: -2/71      AC:  8    Str: 14    XL:     9   Next: 17%
Magic:  18/18      EV: 16    Int: 11    God:    Makhleb [......]
Gold:   280        SH:  0    Dex: 15    Spells: 8/8 levels left

rFire    . . .     SeeInvis .   a - +0 trident
rCold    . . .     Gourm    .   (no shield)
rNeg     + . .     Faith    .   p - +0 ring mail
rPois    .         Spirit   .   c - +0 helmet
rElec    .         Reflect  .   (no cloak)
rCorr    .         Harm     .   z - +0 pair of gloves
MR       .....                  h - +0 pair of boots
Stlth    +.........             (no amulet)
HPRegen  0.21/turn              e - ring of magical power
MPRegen  0.16/turn              q - ring of positive energy

@: no status effects
A: change form in water, swift swim, stealthy swim
a: Renounce Religion


You were on level 6 of the Dungeon.
You worshipped Makhleb.
Makhleb was noncommittal.
You were hungry.

You visited 1 branch of the dungeon, and saw 6 of its levels.
You also visited: Sewer.

You collected 280 gold pieces.

Inventory:

Hand Weapons
 a - a +0 trident (weapon)
Missiles
 d - 3 throwing nets (quivered)
Armour
 c - a +0 helmet (worn)
 h - a +0 pair of boots (worn)
 p - a +0 ring mail (worn)
 z - a +0 pair of gloves (worn)
Jewellery
 e - a ring of magical power (left hand)
 i - an uncursed ring of flight
 q - a ring of positive energy (right hand)
Wands
 x - a wand of digging (4)
 y - a wand of iceblast (9)
Scrolls
 g - 3 scrolls of remove curse
 k - a scroll of magic mapping
 n - 6 scrolls of identify
 o - 2 scrolls of fog
 t - a scroll of teleportation
Potions
 b - a potion of flight {unknown}
 j - 4 potions of cancellation
 l - 2 potions of brilliance {unknown}
 s - 2 potions of degeneration {unknown}
 u - 2 potions of mutation {unknown}
 v - a potion of magic {unknown}
 w - a potion of might
Comestibles
 f - 10 rations


   Skills:
 + Level 6.7 Fighting
 * Level 12.2 Polearms
 - Level 2.0 Throwing
 + Level 8.6 Dodging


You had 8 spell levels left.
You didn't know any spells.

Dungeon Overview and Level Annotations

Branches:
Dungeon (6/15)             Temple (0/1) D:6

Altars:
Dithmenos
Hepliaklqana
Makhleb
Nemelex Xobeh
Ru
Sif Muna
Wu Jian
Yredelemnul

Shops:
D:4 *


Message History

The orc warrior throws a tomahawk of returning.
The tomahawk of returning hits you.
* * * LOW HITPOINT WARNING * * *
The weapon returns to the orc warrior!
Your +0 pair of boots unmelds from your body.
The orc warrior throws a tomahawk of returning.
The tomahawk of returning hits you!
* * * LOW HITPOINT WARNING * * *
The weapon returns to the orc warrior!
You feel better. The orc wizard casts a spell at you.
The puff of flame hits you!
* * * LOW HITPOINT WARNING * * *
The orc warrior throws a tomahawk of returning.
The weapon returns to the orc warrior!
Okay, then.
The orc wizard looks satisfied for a moment.
The orc warrior throws a tomahawk of returning.
The tomahawk of returning hits you!
You die...

# .# #. ########.# .#
#H####...so...##..
##...%...oooo......
.......oo≈§≈≈≈l.....
###....≈≈≈§(≈≈≈≈....#
.....≈≈≈≈≈≈§≈≈≈≈≈≈..#
#..≈≈≈≈≈≈...≈≈≈≈≈≈.#
#..≈≈≈≈≈≈.@.≈≈≈≈≈≈.##.
#..≈≈≈≈≈≈...≈≈≈≈≈≈...
#..≈≈≈≈≈≈≈≈≈≈≈≈≈≈≈.#
#...≈≈≈≈≈≈≈≈≈≈≈≈≈..#
##....≈≈≈≈≈≈≈≈≈....#
#......≈≈≈≈≈......#
#.............†...#
#######..........##
########.###


You could see an orc warrior, a scorpion, an iguana, an orc wizard and 5 orcs.

Vanquished Creatures
  Prince Ribbit (D:5)
  A hippogriff (D:6)
  Sigmund (D:3)
  Edmund (D:5)
  Duvessa (D:4)
  A centaur (D:5)
  2 ogres (D:5)
  3 big kobolds (Sewer)
  Dowan (D:4)
  2 scorpions
  A howler monkey (D:5)
  2 hounds
  An orc priest (D:6)
  2 orc wizards (D:3)
  A worker ant (D:4)
  A killer bee zombie (D:5)
  Robin (D:3)
  4 gnolls
  8 adders
  3 river rats
  3 shadow imps
  5 oozes
  6 worms
  2 dart slugs
  3 leopard geckos
  7 orcs
  5 giant cockroaches
  18 goblins
  8 hobgoblins
  9 jackals
  15 kobolds
  5 quokkas
  2 ball pythons
  6 bats
  6 frilled lizards
  A giant cockroach zombie (D:5)
  A quokka skeleton (D:5)
  15 rats
155 creatures vanquished.

Notes
Turn   | Place    | Note
-------+----------+-------------------------------------------
     0 | D:1      | Infinimo the Merfolk Gladiator began the quest for the Orb.
     0 | D:1      | Reached XP level 1. HP: 16/16 MP: 1/1
    77 | D:1      | Reached XP level 2. HP: 23/23 MP: 2/2
   135 | D:1      | Reached skill level 5 in Polearms
   540 | D:1      | Reached XP level 3. HP: 22/28 MP: 3/3
  1203 | D:1      | Reached XP level 4. HP: 16/35 MP: 4/4
  1397 | D:2      | Reached skill level 6 in Polearms
  1487 | D:2      | Found a hazy altar of Hepliaklqana.
  1488 | D:2      | Found an ornate altar of the Wu Jian Council.
  1679 | D:2      | Found a sacrificial altar of Ru.
  2037 | D:3      | Noticed Sigmund
  2203 | D:2      | Reached skill level 5 in Dodging
  2271 | D:3      | Reached XP level 5. HP: 32/41 MP: 5/5
  2534 | D:3      | Noticed Robin
  2554 | D:3      | Killed Robin
  2890 | D:3      | Found a deep blue altar of Sif Muna.
  3109 | D:3      | Found a shadowy altar of Dithmenos.
  3316 | D:3      | Killed Sigmund
  3316 | D:3      | Reached skill level 7 in Polearms
  3316 | D:3      | Reached XP level 6. HP: 33/48 MP: 6/6
  3505 | D:3      | Reached skill level 8 in Polearms
  3575 | D:3      | Identified Sif Muna's Guide on the Voyage
  3817 | D:4      | Noticed Duvessa
  3819 | D:4      | Noticed Dowan
  4154 | D:4      | Found a basalt altar of Yredelemnul.
  4154 | D:4      | Found a sparkling altar of Nemelex Xobeh.
  4187 | D:4      | Reached XP level 7. HP: 33/55 MP: 7/7
  4564 | D:4      | Found Rodwyvy's Elemental Accessories.
  4677 | D:4      | Killed Duvessa
  4895 | D:4      | Killed Dowan
  4895 | D:4      | Reached skill level 9 in Polearms
  4984 | D:5      | Entered Level 5 of the Dungeon
  5121 | D:5      | Found a glowing drain.
  5143 | Sewer    | Entered a sewer
  5265 | Sewer    | Reached skill level 5 in Fighting
  5421 | Sewer    | Reached XP level 8. HP: 59/62 MP: 8/8
  5599 | Sewer    | Reached skill level 10 in Polearms
  6400 | D:5      | Noticed Prince Ribbit
  6424 | D:5      | Killed Prince Ribbit
  6424 | D:5      | Reached skill level 11 in Polearms
  6472 | D:5      | Noticed Edmund
  6708 | D:5      | Killed Edmund
  6977 | D:5      | Found a burning altar of Makhleb.
  6989 | D:5      | Became a worshipper of Makhleb the Destroyer
  7264 | D:5      | Reached XP level 9. HP: 39/71 MP: 9/9
  7563 | D:6      | Found a staircase to the Ecumenical Temple.
  7621 | D:6      | Reached skill level 12 in Polearms
  7623 | D:6      | HP: 1/71 [orc warrior/tomahawk of returning (14)]
  7625 | D:6      | Hit by a tomahawk of returning thrown by an orc warrior

Vault maps used:
D:1:      lemuel_arrival_hallway, hex_large, minmay_tree_intersection,
          grunt_decor_mini_mirrors
D:2:      gammafunk_temple_overflow_statue, first_ration,
          nicolae_ru_sacrificial_ziggurat
D:3:      grunt_dithmenos_smoke, led_sif_book, grunt_ministairs_14, uniq_robin,
          uniq_sigmund
D:4:      grunt_temple_overflow_open, nicolae_elemental_shop, uniq_duvessa
D:5:      makhleb_blood_cavern_becter, portal_sewer_entry_e,
          uniq_prince_ribbit1, uniq_edmund
D:6:      temple_pool_b
Sewer:    sewer_co_tree

Skill      XL: |  1  2  3  4  5  6  7  8  9 |
---------------+----------------------------+-----
Polearms       | 5 6 7 8 9 11 12 | 12.2
Fighting       | 3 4 5 6 |  6.7
Dodging        | 5 6 7 8 |  8.6
Throwing       | |  2.0

Action                   |  1- 3 |  4- 6 |  7- 9 || total
-------------------------+-------+-------+-------++-------
Melee: Trident           |   128 |   199 |   365 ||   692
       Tailslap          |       |       |     9 ||     9
  Use: Potion            |     2 |       |     2 ||     4
       Scroll            |     1 |     7 |     4 ||    12
 Stab: Sleeping          |     1 |     4 |       ||     5
       Distracted        |       |     1 |       ||     1
  Eat: Chunk             |     1 |     9 |    11 ||    21
Armor: Leather armour    |    30 |    20 |       ||    50
       Ring mail         |       |    10 |    51 ||    61
Dodge: Dodged            |   103 |    83 |   177 ||   363

Table legend:
 A = Spawn XP
 B = Non-spawn XP
 C = Spawn XP percentage of total XP
 D = Spawn monster count
 E = Non-spawn monster count
 F = Spawn count percentage of total count
 G = Total turns spent on level
                    A         B        C        D         E        F      G
               +---------+---------+-------+---------+---------+-------+---------
         Total |       0 |    2759 |   0.0 |       0 |     155 |   0.0 |  7625
               +---------+---------+-------+---------+---------+-------+---------
           D:1 |       0 |      83 |   0.0 |       0 |      31 |   0.0 |  1232
           D:2 |       0 |      70 |   0.0 |       0 |      21 |   0.0 |  1028
           D:3 |       0 |     394 |   0.0 |       0 |      34 |   0.0 |  1877
           D:4 |       0 |     342 |   0.0 |       0 |       7 |   0.0 |   847
           D:5 |       0 |    1092 |   0.0 |       0 |      31 |   0.0 |  1799
           D:6 |       0 |     343 |   0.0 |       0 |       3 |   0.0 |    95
         Sewer |       0 |     435 |   0.0 |       0 |      28 |   0.0 |   747
               +---------+---------+-------+---------+---------+-------+---------
